 Dungeon Crawl Stone Soup version 0.30-a0-728-gc68057be0a (webtiles) character file.

Game seed: 1133654957509640765

3545 jlumianski the Cleaver (level 9, -3/71 HPs)
             Began as a Demonspawn Fighter on Feb 1, 2023.
             Was a Believer of Qazlal.
             Killed from afar by a fire dragon (18 damage)
             ... with a blast of flame
             ... on level 7 of the Dungeon.
             The game lasted 00:26:58 (6411 turns).

jlumianski the Cleaver (Demonspawn Fighter)         Turns: 6411, Time: 00:26:59

Health: -3/71      AC: 16    Str: 29    XL:     9   Next: 83%
Magic:  13/13      EV: 10    Int: 11    God:    Qazlal [**....]
Gold:   300        SH: 11    Dex: 10    Spells: 8/8 levels left

rFire   . . .      SeeInvis .    a - +1 war axe (elec)
rCold   + . .      Faith    .    p - +0 kite shield
rNeg    . . .      Spirit   .    h - +0 chain mail
rPois   +          Reflect  .    x - +1 helmet
rElec   .          Harm     .    F - +0 cloak
rCorr   .          Rampage  .    D - +0 pair of gloves
Will    .....                    A - +0 pair of boots Stlth
                                 (no amulet)
HPRegen 0.31/turn                v - ring of poison resistance
MPRegen 0.13/turn                M - ring "Naschal" {rC+ Str+7 Int+2 Dex-2}

@: no status effects
A: repulsion field 2, demonic guardian 2
a: Renounce Religion, Upheaval


You were on level 7 of the Dungeon.
You worshipped Qazlal.
Qazlal was pleased with you.
You visited 1 branch of the dungeon, and saw 8 of its levels.
You also visited: Sewer.

You collected 300 gold pieces.

Inventory:

Hand Weapons
 a - a +1 war axe of electrocution (weapon)
 n - the +5 spear of the Shoals {heavy, rPois}
   (You found it on level 3 of the Dungeon)

   rPois:     It protects you from poison.
Missiles
 g - 51 stones
 i - 5 boomerangs (quivered)
 m - 4 curare-tipped darts
 z - 6 javelins
 O - 2 atropa-tipped darts
Armour
 b - a +0 scale mail
 c - a +0 buckler
 h - a +0 chain mail (worn)
 p - a +0 kite shield (worn)
 x - a +1 helmet (worn)
 A - a +0 pair of boots (worn)
 D - a +0 pair of gloves (worn)
 F - a +0 cloak (worn)
Magical Staves
 r - a staff of death
Jewellery
 j - a ring of ice
 v - a ring of poison resistance (left hand)
 y - a ring of ice
 M - the ring "Naschal" (right hand) {rC+ Str+7 Int+2 Dex-2}
   (You acquired it on level 6 of the Dungeon)

   [ring of protection from cold]

   Str:       It affects your strength (+7).
   Int:       It affects your intelligence (+2).
   Dex:       It affects your dexterity (-2).
   rC:        It protects you from cold.
Wands
 l - a wand of paralysis (5)
 E - a wand of flame (17)
 N - a wand of mindburst (13)
Scrolls
 e - 3 scrolls of immolation
 f - 2 scrolls of fear
 t - 4 scrolls of teleportation
 B - a scroll of blinking
 J - 3 scrolls of fog
 L - a scroll of magic mapping
Potions
 d - a potion of might
 k - a potion of magic
 o - a potion of ambrosia
 q - a potion of haste
 s - 2 potions of heal wounds
 u - a potion of mutation
 w - a potion of brilliance
 C - a potion of cancellation
 G - 2 potions of curing
 H - a potion of flight
 I - a potion of resistance {unknown}
 K - 2 potions of attraction {unknown}


   Skills:
 * Level 6.9 Fighting
 + Level 8.2 Axes
 + Level 0.3 Throwing
 + Level 6.0 Armour
 + Level 2.1 Dodging
 - Level 0.1 Stealth
 + Level 5.0 Shields
 * Level 5.4 Invocations


You had 8 spell levels left.
You didn't know any spells.
Your spell library contained the following spells:

 Spells                   Type           Power      Damage    Failure   Level
 Apportation              Tloc           0%         N/A       99%         1
 Necrotise                Necr           0%         1d4       99%         1
 Summon Small Mammal      Summ           0%         N/A       99%         1
 Static Discharge         Conj/Air       0%         2-2/arc   100%        2
 Summon Guardian Golem    Hex/Summ       0%         N/A       100%        3
 Vhi's Electric Charge    Tloc/Air       0%         N/A       100%        3
 Arcjolt                  Conj/Air       0%         1d10      100%        5
 Lightning Bolt           Conj/Air       0%         1d11      100%        5
 Orb of Destruction       Conj           0%         9d5       100%        7
 Spellforged Servitor     Conj/Summ      0%         N/A       100%        7


Dungeon Overview and Level Annotations

Branches:
Dungeon (8/15)             Temple (0/1) D:5           Sewer (visited)
   Lair: D:8-11

Altars:
Okawaru
Qazlal
Trog

Shops:
D:6 [


Innate Abilities, Weirdness & Mutations

You are surrounded by a moderate repulsion field. (EV +3)
A demonic guardian rushes to your aid.


Message History

Qazlal accepts your kill.
You barely miss the phantom.
The shadow imp summons a swarm of flies.
You block the phantom's attack. The shadow imp hits you.
Your Shields skill increases to level 5!
You slash the shadow imp!
The shadow imp is severely wounded.
You hit the phantom.
You destroy the phantom!
Qazlal accepts your kill.
An efreet comes into view.
It is wielding a +0 scimitar of flaming.
You block the shadow imp's attack. You block the shadow imp's attack.
The fire dragon breathes flames at you.
The blast of flame hits the shadow imp!!!
The shadow imp dies!
The blast of flame hits you!!!
Ouch! That really hurt!
A demonic guardian appears!
You hear a shout!
Your rust devil hits the fire dragon.
Your rust devil corrodes the fire dragon!
The fire dragon breathes flames at you.
The blast of flame hits your rust devil.
Your rust devil completely resists.
The blast of flame hits you!
* * * LOW HITPOINT WARNING * * *
Your rust devil hits the fire dragon.
The fire dragon seems to be corroded for longer.
Something bites your rust devil but does no damage.
Something claws your rust devil! Something tramples your rust devil!
Your rust devil holds its ground!
Your rust devil hits the fire dragon!
The fire dragon seems to be corroded for longer.
There is a stone staircase leading up, spattered with blood here.
The fire dragon breathes flames at you.
The blast of flame hits your rust devil.
Your rust devil completely resists.
The blast of flame hits you!!
You die...

#...##................ ....
##...##................ ....
#8...8#............#### ....
##...##.#.............. ....
#...................... ...
#............#.........
###.#######..#...................
#.....))........÷§...............
.....†).....4...@÷).....>#####...
......)####D############## ####
.....<..# ♣.♣ ♣ ..#...###♣♣4♣♣# .
......# #..♣..# ♣ ....... #♣♣.♣♣#
..#.... ♣.♣ .......# ♣4♣ ......
♣.♣♣


You could see a fire dragon (catching breath, corroded, ally target) and a
friendly rust devil (summoned).

Vanquished Creatures
  Grinder (D:5)
  3 yaks (D:5)
  Menkaure (D:5)
  A steam dragon (D:7)
  2 water moccasins (D:5)
  An orc warrior (D:5)
  A sky beast (D:6)
  3 black bears
  2 centaurs
  3 ogres
  6 bullfrogs
  A kobold brigand (D:7)
  A phantom (D:7)
  A scorpion (D:5)
  A killer bee (D:7)
  3 howler monkeys
  4 hounds
  A quasit (D:4)
  A jelly (D:6)
  3 orc priests
  Crazy Yiuf (D:3)
  4 iguanas
  5 orc wizards (D:5)
  7 gnolls
  A river rat (D:3)
  11 adders
  A shadow imp (D:4)
  4 white imps
  8 ufetubi (D:4)
  4 worms
  A dart slug (D:3)
  18 orcs
  10 ball pythons
  5 bats
  6 endoplasms
  6 giant cockroaches
  3 goblins
  6 hobgoblins
  13 kobolds
  4 quokkas
  5 frilled lizards
  12 rats
  A butterfly (D:5)
176 creatures vanquished.

Vanquished Creatures (others)
  A black bear (D:7)
  A shadow imp (D:7)
  A demonic plant (D:4)
  12 plants (D:7)
15 creatures vanquished.

Grand Total: 191 creatures vanquished

Notes
Turn   | Place    | Note
-------+----------+-------------------------------------------
     0 | D:1      | jlumianski the Demonspawn Fighter began the quest for the
                  | Orb.
     0 | D:1      | Reached XP level 1. HP: 18/18 MP: 1/1
   137 | D:1      | Gained mutation: You are surrounded by a mild repulsion
                  | field. (EV +2) [demonic ancestry]
   137 | D:1      | Reached XP level 2. HP: 24/24 MP: 2/2
   353 | D:2      | Reached skill level 2 in Axes
   487 | D:2      | Reached XP level 3. HP: 19/29 MP: 3/3
   523 | D:3      | Identified the +5 spear of the Shoals {heavy, rPois}
   653 | D:3      | Found a glowing drain.
   682 | Sewer    | Entered a sewer
   741 | Sewer    | Gained mutation: A weak demonic guardian rushes to your
                  | aid. [demonic ancestry]
   741 | Sewer    | Reached XP level 4. HP: 32/35 MP: 4/4
  1382 | D:2      | Reached skill level 3 in Axes
  1751 | D:1      | Found a faded altar of an unknown god.
  2487 | D:3      | Found a runed translucent door.
  2488 | D:3      | Noticed Crazy Yiuf
  2598 | D:3      | Gained mutation: You are surrounded by a moderate repulsion
                  | field. (EV +3) [demonic ancestry]
  2598 | D:3      | Reached XP level 5. HP: 42/42 MP: 5/5
  2746 | D:3      | Killed Crazy Yiuf
  3056 | D:4      | Reached skill level 4 in Axes
  3112 | D:4      | Reached XP level 6. HP: 47/48 MP: 6/6
  3492 | D:5      | Entered Level 5 of the Dungeon
  3784 | D:5      | Reached skill level 1 in Dodging
  3854 | D:5      | Noticed Menkaure
  3943 | D:5      | Killed Menkaure
  3944 | D:5      | Reached XP level 7. HP: 30/55 MP: 7/7
  4100 | D:5      | Noticed Grinder
  4118 | D:5      | Paralysed by Grinder for 4 turns
  4125 | D:5      | Killed Grinder
  4126 | D:5      | Reached skill level 5 in Axes
  4314 | D:5      | Found an iron altar of Okawaru.
  4397 | D:5      | Found a stormy altar of Qazlal.
  4402 | D:5      | Became a worshipper of Qazlal Stormbringer
  4567 | D:5      | Found a bloodstained altar of Trog.
  4586 | D:5      | Reached skill level 6 in Axes
  4586 | D:5      | Reached XP level 8. HP: 58/61 MP: 8/8
  4653 | D:5      | Reached skill level 5 in Fighting
  4788 | D:5      | Found a staircase to the Ecumenical Temple.
  4960 | D:5      | Reached skill level 5 in Armour
  4977 | D:5      | Reached skill level 1 in Invocations
  5241 | D:6      | Found Noesi's Armour Emporium.
  5531 | D:5      | Reached skill level 7 in Axes
  5564 | D:5      | Gained mutation: A demonic guardian rushes to your aid.
                  | [demonic ancestry]
  5564 | D:5      | Reached XP level 9. HP: 35/69 MP: 11/11
  5707 | D:6      | Reached * piety under Qazlal
  5963 | D:6      | Identified a scroll of acquirement
  5963 | D:6      | Acquired the ring "Naschal" {rC+ Str+7 Int+2 Dex-2}
  6243 | D:6      | Reached skill level 5 in Invocations
  6323 | D:7      | Reached ** piety under Qazlal
  6328 | D:7      | Reached skill level 8 in Axes
  6382 | D:7      | Noticed a boulder beetle
  6384 | D:7      | Noticed a fire dragon
  6390 | D:7      | Reached skill level 5 in Shields
  6390 | D:7      | Noticed an efreet
  6411 | D:7      | Killed from afar by a fire dragon

Illustrated notes

Levels and vault maps discovered:
D:1:      mrwooster_arrival_arrow, layout_rooms, nicolae_ecumenical_lake_church,
          dreamdust_princess_bridge
D:2:      layout_basic, minmay_strange_pillars
D:3:      layout_basic, portal_sewer_entry_c, uniq_crazy_yiuf_cottage
D:4:      layout_loops_ring, serial_demonic, serial_demonic_d, serial_demonic_b,
          serial_demonic_f, serial_demonic_g, serial_demonic_f, serial_demonic_e
D:5:      layout_loops_ring, hellmonk_okawaru_the_only_friend_you_need,
          trog_ov_bears_minmay, mainiacjoe_overflow_24_doors,
          minmay_temple_entry_butterflies, uniq_menkaure, uniq_grinder
D:6:      layout_rooms, serial_shops, nicolae_shop_statue_plus,
          minmay_starry_boxes
D:7:      nzn_winding_woodlands_large [nzn_winding_woodlands_5x5_closed_star,
          nzn_winding_woodlands_5x15_pool,
          nzn_winding_woodlands_5x5_checkerboard,
          nzn_winding_woodlands_center_pierced_h,
          nzn_winding_woodlands_15x15_eel_pit,
          nzn_winding_woodlands_center_garden, nzn_winding_woodlands_5x5_three,
          nzn_winding_woodlands_5x15_cabin, nzn_winding_woodlands_5x5_cross],
          layout_basic, fiery_altar_vehumet, corexii_hall_statues_i
D:8:      layout_loops_ring, fedhas_altar_2, uniq_psyche, uniq_maurice

Skill      XL: |  1  2  3  4  5  6  7  8  9 |
---------------+----------------------------+-----
Axes           | 2 3 4 6 7 8 |  8.2
Armour         | 3 4 5 6 |  6.0
Shields        | 3 4 5 |  5.0
Fighting       | 4 6 |  6.9
Dodging        | 1 2 |  2.1
Invocations    | 3 5 |  5.4
Throwing       | |  0.3
Stealth        | |  0.1

Action                     |  1- 3 |  4- 6 |  7- 9 || total
---------------------------+-------+-------+-------++-------
  Melee: War axe           |    90 |   242 |   184 ||   516
  Throw: Stone             |       |     1 |       ||     1
         Boomerang         |       |       |     3 ||     3
    Use: Scroll            |       |    13 |     7 ||    20
         Potion            |       |     3 |     2 ||     5
 Armour: Scale mail        |    16 |       |       ||    16
         Chain mail        |    53 |   219 |   110 ||   382
  Dodge: Dodged            |    41 |   126 |   105 ||   272
  Block: Buckler           |    20 |       |       ||    20
         Kite shield       |    16 |   144 |   124 ||   284

Table legend: (Time is in decaauts)
 A = Elapsed time spent in this place.
 B = Non-inter-level travel time spent in this place.
 C = Inter-level travel time spent in this place.
 D = Time resting spent in this place.
 E = Time spent auto-exploring this place.
 F = Levels seen in this place.
 G = Mean time per level.
                   A        B        C        D        E       F      G
               +--------+--------+--------+--------+--------+-----+--------+
         Total |   6760 |   6636 |    124 |    565 |   3125 |   9 |  751.1 |
       Dungeon |   6288 |   6164 |    124 |    565 |   2926 |   8 |  786.0 |
         Sewer |    471 |    471 |      0 |      0 |    199 |   1 |  471.0 |
               +--------+--------+--------+--------+--------+-----+--------+

Top non-repeatable levels by time:
     D:5: 1760 daAuts
     D:4: 1110 daAuts
     D:3: 940 daAuts
     D:1: 819 daAuts
     D:2: 765 daAuts
     D:6: 695 daAuts
   Sewer: 471 daAuts
     D:7: 193 daAuts
     D:8: 1 daAuts
